Construct Infanterie Kompanie
Selects Luftwaffe Battlegroup
Infanterie Officer Quarters
Selects Luftwaffe Pioneer Support
Selects LG40 Recoilless Gun Paradrop
LG40 Recoilless Gun Paradrop
Selects Infantry Reserves
Construct Panzergrenadier Kompanie
LG40 Recoilless Gun Paradrop
Panzergrenadier Officer Quarters
LG40 Recoilless Gun Paradrop
Selects Stuka Strafing Run
Selects Fallschirmjäger Squad Paradrop
LG40 Recoilless Gun Paradrop